 Dungeon Crawl Stone Soup version 0.29-a0-823-gc37b1572da (webtiles) character file.

Game seed: 7459125308929512661

1325 xian the Poker (level 8, -12/61 (62) HPs)
             Began as a Demonspawn Fighter on July 8, 2022.
             Was a Believer of Wu Jian.
             Mangled by an ogre
             ... wielding a +0 giant club
              (15 damage)
             ... on level 6 of the Dungeon.
             The game lasted 00:12:41 (4954 turns).

xian the Poker (Demonspawn Fighter)                 Turns: 4954, Time: 00:12:42

HP:   -12/61 (62)   AC: 23    Str: 16    XL:     8   Next: 34%
MP:   8/8           EV:  5    Int: 18    God:    Wu Jian [**....]
Gold: 289           SH:  0    Dex: 13    Spells: 7/7 levels left

rFire   . . .      SeeInvis .   a - +3 trident (venom)
rCold   . . .      Faith    +   b - orb {*Rage}
rNeg    . . .      Spirit   .   p - +6 plate armour of Reason {Will+}
rPois   .          Reflect  .   n - +1 hat
rElec   .          Harm     .   (no cloak)
rCorr   .          Rampage  .   i - +0 pair of gloves
Will    +....      Rage     20% t - +2 pair of boots
Stlth   ..........              k - amulet of faith
HPRegen 0.20/turn               h - ring of wizardry
MPRegen 0.11/turn               q - +6 ring of intelligence

@: on berserk cooldown, slowed, lightly drained, very slow
A: hooves 1, powered by pain 2, demonic magic 2
a: Renounce Religion, Wall Jump


You were on level 6 of the Dungeon.
You worshipped Wu Jian.
Wu Jian was pleased with you.
You visited 1 branch of the dungeon, and saw 6 of its levels.

You collected 373 gold pieces.
You spent 84 gold pieces at shops.

Inventory:

Hand Weapons
 a - a +3 trident of venom (weapon)
Missiles
 x - 3 poisoned darts (quivered)
Armour
 b - an orb of wrath (worn)
 c - a +0 buckler
 i - a +0 pair of gloves (worn)
 n - a +1 hat (worn)
 p - the +6 plate armour of Reason (worn) {Will+}
   (You found it on level 3 of the Dungeon)

   Will:      It increases your willpower.
 t - a +2 pair of boots (worn)
 w - the +1 robe of Dishonesty {+Blink rF+ Str+5 SInv}
   (You found it on level 6 of the Dungeon)

   Str:       It affects your strength (+5).
   rF:        It protects you from fire.
   SInv:      It lets you see invisible.
   +Blink:    It lets you blink.
Jewellery
 h - a ring of wizardry (left hand)
 k - an amulet of faith (around neck)
 q - a +6 ring of intelligence (right hand)
Wands
 r - a wand of roots (16)
 y - a wand of flame (3)
Scrolls
 e - 2 scrolls of fear
 f - a scroll of amnesia
 l - a scroll of immolation
 o - 2 scrolls of enchant weapon
 s - 4 scrolls of teleportation
 z - a scroll of identify
Potions
 d - a potion of might
 g - 7 potions of curing
 j - 3 potions of heal wounds
 m - a potion of mutation
 u - a potion of ambrosia
 v - a potion of flight


   Skills:
 + Level 5.2 Fighting
 + Level 3.1 Long Blades
 + Level 5.8 Polearms
 + Level 5.1 Armour
 + Level 1.5 Dodging
 + Level 0.4 Stealth
 + Level 3.3 Shields


You had 7 spell levels left.
You didn't know any spells.
Your spell library contained the following spells:

 Spells                   Type           Power      Damage    Failure   Level
 Blink                    Tloc           0%         N/A       99%         2
 Gell's Gravitas          Tloc           0%         N/A       100%        3
 Lesser Beckoning         Tloc           0%         N/A       100%        3
 Teleport Other           Tloc           0%         N/A       100%        3
 Anguish                  Hex/Necr       0%         N/A       100%        4
 Manifold Assault         Tloc           0%         N/A       100%        5
 Dispersal                Tloc           0%         N/A       100%        6
 Enfeeble                 Hex            0%         N/A       100%        7
 Disjunction              Tloc           0%         N/A       100%        8


Dungeon Overview and Level Annotations

Branches:
Dungeon (6/15)
 Temple: D:4-7

Altars:
Ashenzari
Hepliaklqana
Sif Muna
Wu Jian

Shops:
D:2 !


Innate Abilities, Weirdness & Mutations

You have large cloven feet.
You sometimes gain power by taking damage.
Spells you cast may paralyse nearby enemies.


Message History

You puncture the orc warrior!
The orc warrior looks as sick as possible!
The orc warrior is heavily wounded.
The orc warrior barely misses you.
The necrophage hits you but does no damage.
You barely miss the orc warrior.
The orc warrior is severely wounded.
The necrophage hits you but does no damage.
The orc warrior barely misses you.
You puncture the orc warrior!
You kill the orc warrior!
The Council accepts your kill.
You are no longer berserk.
You are exhausted.
You feel yourself slow down.
You lunge at the ogre.
You puncture the ogre!
The ogre is moderately wounded.
You spin and attack the necrophage.
You hit the necrophage.
The necrophage is lightly damaged.
The necrophage hits you but does no damage.
The ogre hits you with a +0 giant club!
The necrophage hits you but does no damage.
Items here: ! ))) [[ ††.
You barely miss the ogre.
The ogre is moderately wounded.
The ogre hits you with a +0 giant club!
* * * LOW HITPOINT WARNING * * *
The necrophage hits you.
* * * LOW HITPOINT WARNING * * *
You hit the ogre.
The ogre is moderately wounded.
The ogre hits you but does no damage. The necrophage hits you.
* * * LOW HITPOINT WARNING * * *
You feel drained.
* * * LOW HITPOINT WARNING * * *
The necrophage hits you but does no damage.
You puncture the ogre!
The ogre is poisoned.
The ogre is severely wounded.
The ogre hits you with a +0 giant club!
You die...

....<...#.#....
........#.#.8.8.#. ##
........#....8.... .#
..........#.8.8.# ..#
##........#..... ...
#..###.#####.#####.###
#..#.....#⌠...⌠#.....#
#..#.....#.....#.....#.
#....[.[....⌠..@O......
#..#.....#....n#.....#.
#..#.....#⌠..(⌠#.....#
#. ###.#####.#####.###
# .... #...# ...
......#.....# .#.
#####.....#.... # .
..#.. ..#. ..#


You could see an ogre (very poisoned) and a necrophage.

Vanquished Creatures
  A water moccasin (D:5)
  Duvessa (D:6)
  A black bear (D:4)
  An orc warrior (D:6)
  An ogre (D:6)
  3 centaurs
  A phantom (D:5)
  2 necrophages
  A scorpion (D:4)
  Dowan (D:6)
  A howler monkey (D:6)
  A hound (D:6)
  An iguana (D:6)
  An orc wizard (D:5)
  11 adders
  A white imp (D:5)
  An ufetubus (D:6)
  A worm (D:5)
  A dart slug (D:1)
  8 orcs
  4 endoplasms
  6 giant cockroaches
  10 goblins
  6 hobgoblins
  6 jackals
  4 kobolds
  2 quokkas (D:2)
  4 ball pythons
  6 bats
  5 frilled lizards
  6 rats
99 creatures vanquished.

Notes
Turn   | Place    | Note
-------+----------+-------------------------------------------
     0 | D:1      | xian the Demonspawn Fighter began the quest for the Orb.
     0 | D:1      | Reached XP level 1. HP: 18/18 MP: 1/1
   238 | D:1      | Gained mutation: Spells you cast may paralyse adjacent
                  | enemies. [demonic ancestry]
   238 | D:1      | Reached XP level 2. HP: 16/24 MP: 2/2
   892 | D:1      | Reached XP level 3. HP: 29/29 MP: 3/3
  1363 | D:2      | Found a faded altar of an unknown god.
  1390 | D:2      | Found Jumetosch's Distillery.
  1415 | D:2      | Bought a potion of heal wounds for 70 gold pieces
  1415 | D:2      | Bought a potion of degeneration for 14 gold pieces
  1576 | D:2      | Reached XP level 4. HP: 19/35 MP: 4/4
  2106 | D:3      | Found an ornate altar of the Wu Jian Council.
  2121 | D:3      | Became a worshipper of the Wu Jian Council
  2220 | D:3      | Identified the +6 plate armour of Reason {Will+}
  2308 | D:3      | Found a broken altar of Ashenzari.
  2454 | D:3      | Reached skill level 1 in Dodging
  2685 | D:4      | Noticed a black bear
  2698 | D:4      | Killed a black bear
  2699 | D:4      | Reached skill level 1 in Polearms
  2699 | D:4      | Gained mutation: You have large cloven feet. [demonic
                  | ancestry]
  2699 | D:4      | Reached XP level 5. HP: 15/41 MP: 5/5
  3051 | D:4      | Gained mutation: You sometimes gain a little power by
                  | taking damage. [demonic ancestry]
  3051 | D:4      | Reached XP level 6. HP: 47/47 MP: 6/6
  3107 | D:4      | Found a shimmering blue altar of Sif Muna.
  3238 | D:4      | Reached * piety under Wu Jian
  3522 | D:5      | Entered Level 5 of the Dungeon
  3952 | D:5      | Gained mutation: Spells you cast may paralyse nearby
                  | enemies. [demonic ancestry]
  3952 | D:5      | Reached XP level 7. HP: 40/53 MP: 7/7
  4652 | D:6      | Found a hazy altar of Hepliaklqana.
  4672 | D:6      | Identified the +1 robe of Dishonesty {+Blink rF+ Str+5
                  | SInv}
  4802 | D:6      | Noticed Dowan
  4818 | D:6      | Killed Dowan
  4819 | D:6      | Reached skill level 5 in Polearms
  4921 | D:6      | Noticed Duvessa
  4929 | D:6      | Gained mutation: You sometimes gain power by taking damage.
                  | [demonic ancestry]
  4929 | D:6      | Reached XP level 8. HP: 55/61 MP: 8/8
  4939 | D:6      | Killed Duvessa
  4940 | D:6      | Reached skill level 5 in Armour
  4945 | D:6      | Reached skill level 5 in Fighting
  4946 | D:6      | Reached ** piety under Wu Jian
  4953 | D:6      | HP: 3/61 [necrophage (1)]
  4954 | D:6      | Mangled by an ogre

Illustrated notes

Levels and vault maps discovered:
D:1:      kilobyte_arrival_exit_the_forest, layout_loops_corners
D:2:      layout_loops_ring, serial_shops,
          nicolae_shop_temple_entry_statues_fountains,
          ebering_ecumenical_altar_box
D:3:      layout_basic, general_overflow_altar, mainiacjoe_overflow_paths
D:4:      layout_basic, gammafunk_temple_overflow_statue,
          minmay_misc_feat_diagonals, grunt_decor_clamped
D:5:      layout_gridville, minmay_strange_pillars
D:6:      minmay_inner_zag, layout_basic, nicolae_hepliaklqana_hazy_memory,
          minmay_temple_entry_glassed_door, minmay_chambers_of_fives,
          uniq_duvessa

Skill      XL: |  1  2  3  4  5  6  7  8 |
---------------+-------------------------+-----
Long Blades    | 2 3 |  3.1
Armour         | 3 4 5 |  5.1
Shields        | 3 |  3.3
Dodging        | 1 |  1.5
Polearms       | 1 2 3 5 |  5.8
Fighting       | 4 5 |  5.2
Stealth        | |  0.4

Action                   |  1- 3 |  4- 6 |  7- 9 || total
-------------------------+-------+-------+-------++-------
Melee: Long sword        |   103 |       |       ||   103
       Trident           |    21 |   135 |    73 ||   229
       Kick              |       |     9 |       ||     9
Invok: Lunge             |       |    11 |     3 ||    14
       Whirlwind         |       |     1 |     6 ||     7
  Use: Scroll            |     7 |     5 |     4 ||    16
Armor: Scale mail        |    74 |    11 |       ||    85
       Plate armour      |       |   117 |    68 ||   185
Dodge: Dodged            |    71 |    47 |    29 ||   147
Block: Buckler           |    39 |     6 |       ||    45

Table legend: (Time is in decaauts)
 A = Elapsed time spent in this place.
 B = Non-inter-level travel time spent in this place.
 C = Inter-level travel time spent in this place.
 D = Time resting spent in this place.
 E = Time spent auto-exploring this place.
 F = Levels seen in this place.
 G = Mean time per level.
                   A        B        C        D        E       F      G
               +--------+--------+--------+--------+--------+-----+--------+
         Total |   5195 |   5091 |    104 |      2 |   3624 |   6 |  865.8 |
       Dungeon |   5195 |   5091 |    104 |      2 |   3624 |   6 |  865.8 |
               +--------+--------+--------+--------+--------+-----+--------+

Top non-repeatable levels by time:
     D:1: 1184 daAuts
     D:5: 1180 daAuts
     D:2: 948 daAuts
     D:4: 914 daAuts
     D:3: 610 daAuts
     D:6: 357 daAuts
